 Dungeon Crawl Stone Soup version 0.31-a0-240-gb923e448b6 (webtiles) character file.

Game seed: 9659655684098284075

1155 Conn the Firebug (level 8, 0/50 HPs)
             Began as an Octopode Fire Elementalist on July 12, 2023.
             Succumbed to a scorpion's poison
             ... on level 6 of the Dungeon.
             The game lasted 00:13:57 (7184 turns).

Conn the Firebug (Octopode Fire Elementalist)       Turns: 7184, Time: 00:13:58

Health: 0/50       AC:  1    Str:  5    XL:     8   Next: 39%
Magic:  12/16      EV: 13    Int: 19    God:
Gold:   280        SH:  0    Dex: 13    Spells: 5/17 levels left

rFire   . . .        k - +3 quarterstaff (chaos)
rCold   . . .        (shield currently unavailable)
rNeg    + . .        (helmet restricted)
rPois   .            (no amulet)
rElec   .            f - ring of positive energy
rCorr   .            o - ring of willpower
SInv    .            (no ring)
Will    +....        (no ring)
Stlth   ++++         (no ring)
HPRegen 0.28/turn    (no ring)
MPRegen 0.15/turn    (no ring)
                     (no ring)

%: no passive effects
@: lethally poisoned (0 -> -13), very slightly contaminated, hasted, very quick
A: almost no armour, amphibious, 8 rings, camouflage 1, gelatinous body 1,
(nimble swimmer 1), tentacles, weak 1, subdued magic 1, noise suppression
a: no special abilities


You were on level 6 of the Dungeon.
You visited 2 branches of the dungeon, and saw 7 of its levels.

You collected 280 gold pieces.

Inventory:

Hand Weapons
 k - a +3 quarterstaff of chaos (weapon)
Missiles
 n - a throwing net
Jewellery
 f - a ring of positive energy (left tentacle)
 o - a ring of willpower (right tentacle)
Wands
 m - a wand of roots (10)
Scrolls
 b - a scroll of enchant armour
 c - a scroll of noise {unknown}
 e - 4 scrolls of identify
 g - a scroll of blinking
 h - 3 scrolls of amnesia
 l - 4 scrolls of teleportation
Potions
 d - 2 potions of brilliance
 i - a potion of might


   Skills:
 + Level 1.8 Fighting
 + Level 1.3 Long Blades
 + Level 2.0 Staves
 + Level 2.6 Dodging
 + Level 5.4 Stealth
 + Level 5.4 Spellcasting
 + Level 3.2 Conjurations
 + Level 0.1 Hexes
 + Level 0.1 Summonings
 + Level 5.6 Fire Magic


You had 5 spell levels left.
You knew the following spells:

 Your Spells              Type           Power      Damage    Failure   Level
a - Foxfire               Conj/Fire      64%        2x1d7     1%          1
b - Scorch                Fire           40%        2d7       1%          2
c - Inner Flame           Hex/Fire       12%        N/A       9%          3
d - Call Imp              Summ           8%         N/A       14%         2
e - Flame Wave            Conj/Fire      16%        2d7       16%         4

Your spell library contained the following spells:

 Spells                   Type           Power      Damage    Failure   Level
 Magic Dart               Conj           52%        1d5       2%          1
 Volatile Blastmotes      Fire/Tloc      24%        2d12      9%          3
 Ensorcelled Hibernation  Hex/Ice        8%         N/A       14%         2
 Passwall                 Tmut/Erth      2%         N/A       16%         2
 Hailstorm                Conj/Ice       8%         3d4       16%         3
 Mephitic Cloud           Conj/Pois/Air  7%         N/A       19%         3
 Swiftness                Air            3%         N/A       30%         3
 Summon Ice Beast         Ice/Summ       4%         N/A       71%         4
 Simulacrum               Ice/Necr       1%         N/A       100%        6
 Ozocubu's Refrigeration  Ice            1%         4d7       100%        7
 Polar Vortex             Ice            1%         N/A       100%        9


Dungeon Overview and Level Annotations

Branches:
Dungeon (6/15)             Temple (1/1) D:6

Altars:
Ashenzari
Elyvilon
Fedhas
Hepliaklqana
Kikubaaqudgha
Nemelex Xobeh
Okawaru
Trog
Uskayaw
Vehumet
Xom
Yredelemnul
Zin
The Shining One


Innate Abilities, Weirdness & Mutations

You cannot wear most types of armour.
You are amphibious.
You can wear up to eight rings at the same time.
Your skin changes colour to match your surroundings (Stealth+).
Your rubbery body absorbs attacks. (AC +1, EV +1)
((You are camouflaged when in or above water. (Stealth+)))
You have tentacles for arms and can constrict up to eight enemies at once.
You are weak. (Str -2)
Your spells are a little easier to cast, but a little less powerful.
You passively dampen the noise of your surroundings.


Message History

The scorpion poisons you!
Casting: Foxfire (safe; 1% risk of failure)
Confirm with . or Enter, or press ? or * to list all spells.
You miscast Call Imp.
You are very lightly contaminated with residual magic.
Nothing appears to happen.
You constrict the scorpion, but do no damage.
You feel very sick. The scorpion stings you!
Casting: Call Imp (safe; 14% risk of failure)
Confirm with . or Enter, or press ? or * to list all spells.
You miscast Call Imp.
Nothing appears to happen.
You constrict the scorpion, but do no damage.
You feel sick. The scorpion stings you.
Unknown command.
Casting: Call Imp (safe; 14% risk of failure)
Confirm with . or Enter, or press ? or * to list all spells.
Okay, then.
Unknown command.
You feel yourself speed up.
You constrict the scorpion.
You feel sick. The scorpion stings you!
* * * LOW HITPOINT WARNING * * *
You are lethally poisoned!
The scorpion poisons you! The scorpion closely misses you.
Okay, then.
Okay, then.
Unknown command.
Unknown command.
Okay, then.
You release your grip on the scorpion.
* * * LOW HITPOINT WARNING * * *
You feel very sick.
* * * LOW HITPOINT WARNING * * *
You feel very sick.
As you read the scroll labelled AHAPIU TEMAGA, it crumbles to dust.
It is a scroll of enchant weapon.
Your +2 quarterstaff of chaos glows red for a moment.
* * * LOW HITPOINT WARNING * * *
You feel very sick.
You die...

P. #.... ..^ #.##. ^P#
#.##. ####ss# #.##.
#...# #########....
###### ##.#
#............ .....#
#.## #.....####>.<
...>.#
#s######.....'..+...
.....##
#..@.........####...
......#
########............
......# #......##....
......# #......#.....
......# #......#.....
......#
#########'#..........
......#
#....................
.....##
#............((....##
.....#
####.................##≈


You could see a scorpion.

Vanquished Creatures
  A black bear (D:6)
  A kobold brigand (D:6)
  4 scorpions
  2 jellies
  Crazy Yiuf (D:2)
  2 hounds
  3 orc priests
  A gnoll bouda (D:5)
  2 sleepcaps
  2 iguanas
  Terence (D:2)
  4 orc wizards
  3 gnolls (D:5)
  10 adders
  4 dart slugs
  2 worms
  27 orcs
  4 ball pythons
  8 endoplasms
  3 giant cockroaches
  9 goblins
  10 hobgoblins
  4 jackals (D:4)
  4 quokkas
  4 bats
  3 frilled lizards
  8 kobolds
  7 rats
134 creatures vanquished.

Vanquished Creatures (others)
  431 foxfires
431 creatures vanquished.

Grand Total: 565 creatures vanquished

Notes
Turn   | Place    | Note
-------+----------+-------------------------------------------
     0 | D:1      | Conn the Octopode Fire Elementalist began the quest for the
                  | Orb.
     0 | D:1      | Reached XP level 1. HP: 11/11 MP: 3/3
   287 | D:1      | Reached XP level 2. HP: 17/17 MP: 0/5
   821 | D:1      | Reached XP level 3. HP: 21/21 MP: 6/6
  1077 | D:2      | Noticed Terence
  1084 | D:2      | Killed Terence
  1199 | D:2      | Reached XP level 4. HP: 24/27 MP: 3/7
  1799 | D:2      | Found a runed translucent door.
  1800 | D:2      | Noticed Crazy Yiuf
  1813 | D:2      | Learned a level 2 spell: Scorch
  1817 | D:2      | Learned a level 3 spell: Inner Flame
  2040 | D:2      | Learned a level 2 spell: Call Imp
  2047 | D:2      | Killed Crazy Yiuf
  2048 | D:2      | Reached skill level 1 in Long Blades
  2244 | D:3      | Reached XP level 5. HP: 32/32 MP: 9/9
  2435 | D:3      | Gained mutation: You occasionally lose the ability to drink
                  | potions when taking damage. [potion of mutation]
  2435 | D:3      | Gained mutation: You are dopey. (Int -2) [potion of
                  | mutation]
  2435 | D:3      | Gained mutation: You do not regenerate when monsters are
                  | visible. [potion of mutation]
  2435 | D:3      | Gained mutation: Your flesh is cold resistant. (rC+)
                  | [potion of mutation]
  2563 | D:3      | Lost mutation: Your flesh is cold resistant. (rC+) [potion
                  | of mutation]
  2563 | D:3      | Lost mutation: You are dopey. (Int -2) [potion of mutation]
  2563 | D:3      | Lost mutation: You do not regenerate when monsters are
                  | visible. [potion of mutation]
  2563 | D:3      | Gained mutation: Your spells are a little easier to cast,
                  | but a little less powerful. [potion of mutation]
  2563 | D:3      | Gained mutation: Your mind is acute. (Int +4, Str/Dex -1)
                  | [potion of mutation]
  2564 | D:3      | Lost mutation: You occasionally lose the ability to drink
                  | potions when taking damage. [potion of mutation]
  2564 | D:3      | Lost mutation: Your mind is acute. (Int +4, Str/Dex -1)
                  | [potion of mutation]
  2564 | D:3      | Gained mutation: You are weak. (Str -2) [potion of
                  | mutation]
  2564 | D:3      | Gained mutation: You passively dampen the noise of your
                  | surroundings. [potion of mutation]
  3200 | D:4      | Found a blossoming altar of Fedhas.
  3203 | D:4      | Reached skill level 1 in Fighting
  3209 | D:4      | Reached XP level 6. HP: 33/38 MP: 0/11
  3504 | D:4      | Reached skill level 1 in Staves
  3751 | D:4      | Found a white marble altar of Elyvilon.
  4046 | D:4      | Found a sparkling altar of Nemelex Xobeh.
  4059 | D:4      | Reached XP level 7. HP: 37/43 MP: 1/12
  4465 | D:5      | Entered Level 5 of the Dungeon
  4599 | D:5      | HP: 2/44 [gnoll bouda/+0 club (17)]
  4770 | D:4      | Learned a level 4 spell: Flame Wave
  5084 | D:5      | Found a glowing golden altar of the Shining One.
  5442 | D:5      | Reached skill level 5 in Fire Magic
  5586 | D:5      | Found a glowing silver altar of Zin.
  5907 | D:6      | Reached XP level 8. HP: 49/49 MP: 7/15
  6057 | D:6      | Reached skill level 5 in Stealth
  6057 | D:6      | Reached skill level 5 in Spellcasting
  6708 | D:6      | Found a staircase to the Ecumenical Temple.
  6717 | Temple   | Entered the Ecumenical Temple
  7183 | D:6      | HP: 2/50 [poisoned by a scorpion]
  7184 | D:6      | Succumbed to a scorpion's poison

Illustrated notes

Levels and vault maps discovered:
D:1:      dpeg_arrival_prison, layout_loops_ring
D:2:      layout_basic, minmay_cut_off, uniq_terence, uniq_crazy_yiuf_cottage
D:3:      layout_basic
D:4:      layout_rooms, mainiacjoe_overflow_catch_the_wave,
          nemelex_xobeh_ov_fountains_minmay
D:5:      layout_gridville, tso_metal_star, zin_statuary, dk_noncrumbling_3,
          nicolae_grassy_gnolls
D:6:      old_forge, layout_basic, minmay_temple_entry_poolview
Temple:   jpeg_temple_island

Skill      XL: |  1  2  3  4  5  6  7  8 |
---------------+-------------------------+-----
Stealth        | 3 4 5 |  5.4
Long Blades    | 1 |  1.3
Spellcasting   | 3 4 5 |  5.4
Conjurations   | 2 3 |  3.2
Fighting       | 1 |  1.8
Fire Magic     | 4 5 |  5.6
Staves         | 1 2 |  2.0
Dodging        | |  2.6
Hexes          | |  0.1
Summonings     | |  0.1

Action                     |  1- 3 |  4- 6 |  7- 9 || total
---------------------------+-------+-------+-------++-------
  Melee: Long sword        |    24 |    11 |       ||    35
         Unarmed           |     1 |       |       ||     1
         Constrict         |     7 |    11 |     6 ||    24
         Tentacles         |     3 |     9 |     4 ||    16
         Quarterstaff      |       |    43 |    13 ||    56
         Punch             |       |     1 |     1 ||     2
   Cast: Foxfire           |    35 |   109 |    98 ||   242
         Scorch            |       |    16 |    23 ||    39
         Call Imp          |       |     1 |       ||     1
         Inner Flame       |       |     3 |     1 ||     4
    Use: Potion            |       |     8 |     1 ||     9
         Scroll            |       |     1 |     6 ||     7
   Stab: Sleeping          |     3 |    12 |     1 ||    16
         Paralysed         |       |     2 |       ||     2
 Armour: Skin              |     3 |    10 |     2 ||    15
  Dodge: Dodged            |    29 |    36 |    20 ||    85

Table legend: (Time is in decaauts)
 A = Elapsed time spent in this place.
 B = Non-inter-level travel time spent in this place.
 C = Inter-level travel time spent in this place.
 D = Time resting spent in this place.
 E = Time spent auto-exploring this place.
 F = Levels seen in this place.
 G = Mean time per level.
                   A        B        C        D        E       F      G
               +--------+--------+--------+--------+--------+-----+--------+
         Total |   7210 |   7084 |    126 |    222 |   5576 |   7 | 1030.0 |
       Dungeon |   6939 |   6834 |    105 |    222 |   5340 |   6 | 1156.5 |
        Temple |    270 |    249 |     21 |      0 |    236 |   1 |  270.0 |
               +--------+--------+--------+--------+--------+-----+--------+

Top non-repeatable levels by time:
     D:4: 1411 daAuts
     D:5: 1178 daAuts
     D:2: 1163 daAuts
     D:3: 1149 daAuts
     D:6: 1055 daAuts
     D:1: 982 daAuts
  Temple: 270 daAuts
